 Dungeon Crawl Stone Soup version 0.20-a0-151-g755e310 (webtiles) character file.

64 KristoblXynda the Sneak (level 3, -2/26 HPs)
             Began as a Draconian Enchanter on Nov 22, 2016.
             Slain by an orc
             ... wielding a +2 mace of draining
              (7 damage)
             ... on level 3 of the Dungeon.
             The game lasted 00:02:21 (1495 turns).

KristoblXynda the Sneak (Draconian Enchanter)       Turns: 1495, Time: 00:02:22

Health: -2/26      AC:  6    Str: 10    XL:     3   Next: 91%
Magic:  7/7        EV: 12    Int: 16    God:
Gold:   127        SH:  0    Dex: 11    Spells: 5/8 levels left

rFire  . . .     SeeInvis .     a - +1 dagger
rCold  . . .     Gourm    .     (armour unavailable)
rNeg   . . .     Faith    .     (no shield)
rPois  .         Spirit   .     (helmet restricted)
rElec  .         Reflect  .     (no cloak)
rCorr  .         Harm     .     (no gloves)
MR     .....                    h - +0 pair of boots
Stlth  ++........               (no amulet)
                                (no ring)
                                l - ring of wizardry

@: drained
A: unfitting armour, cold-blooded, AC +5
a: no special abilities


You were on level 3 of the Dungeon.
You were hungry.

You visited 1 branch of the dungeon, and saw 3 of its levels.

You collected 127 gold pieces.

Inventory:

Hand Weapons
 a - a +1 dagger (weapon)
Missiles
 i - 4 javelins of returning (quivered)
Armour
 h - a +0 pair of boots (worn)
Jewellery
 l - a ring of wizardry (left hand)
Scrolls
 d - 2 scrolls of identify {unknown}
 e - a scroll of teleportation {unknown}
 g - a scroll of remove curse {unknown}
 j - a scroll of amnesia {unknown}
Books
 b - a book of Maledictions

   Spells                             Type                      Level
   a - Corona                         Hexes                        1
   b - Ensorcelled Hibernation        Hexes/Ice                    2
   c - Confuse                        Hexes                        3
   d - Tukima's Dance                 Hexes                        3
   e - Dazzling Spray                 Conjuration/Hexes            3
Comestibles
 c - 2 bread rations
 f - a meat ration


   Skills:
 - Level 1.0(0.5) Short Blades
 - Level 1.7(1.2) Dodging
 + Level 3.3(2.7) Stealth
 + Level 3.0(2.4) Spellcasting
 + Level 3.3(2.7) Hexes


You had 5 spell levels left.
You knew the following spells:

 Your Spells              Type           Power        Failure   Level  Hunger
a - Corona                Hex            ##.....      4%          1    #......
b - Ensorcelled Hibernat  Hex/Ice        #.....       7%          2    ###....


Dungeon Overview and Level Annotations

Branches:
Dungeon (3/15)

Altars:


Innate Abilities, Weirdness & Mutations

Your plain brown scales are hard. (AC +5)
You cannot fit into any form of body armour.
You are cold-blooded and may be slowed by cold attacks.


Message History

Your Spellcasting skill increases to level 3!
You hit the orc but do no damage.
The orc is moderately wounded.
The orc hits you with a mace of draining!
* * * LOW HITPOINT WARNING * * *
You feel drained.
* * * LOW HITPOINT WARNING * * *
You hit the orc but do no damage.
The orc is moderately wounded.
The orc hits you but does no damage.
You feel drained.
You barely miss the orc.
The orc is moderately wounded.
The orc closely misses you.
You hit the orc.
The orc is almost dead.
You hit the orc but do no damage.
You tail-slap the orc, but do no damage.
The orc is almost dead.
The orc hits you with a mace of draining!
You die...

#.........##
##.##.......#
.....#####.# #.##
#.# ######.##
####.### ........#
#.......
####..####.#####.
####.......##.......
#.o@.#####..........
#.##.# #.##......< #
#.# #.##....... #.#
#.##.......
#.#####.##.......
#.......##.......
### #.........##.
#............
######.#...##


You could see an orc.

Vanquished Creatures
  An adder (D:3)
  2 oozes (D:1)
  4 leopard geckos
  3 orcs (D:3)
  A giant cockroach (D:1)
  4 goblins (D:1)
  5 hobgoblins
  4 kobolds
  6 bats
  3 frilled lizards (D:1)
  5 rats
38 creatures vanquished.

Notes
Turn   | Place    | Note
-------+----------+-------------------------------------------
     0 | D:1      | KristoblXynda the Draconian Enchanter began the quest for the Orb.
     0 | D:1      | Reached XP level 1. HP: 14/14 MP: 3/3
    64 | D:1      | Reached XP level 2. HP: 19/20 MP: 5/5
   366 | D:1      | Reached XP level 3. HP: 26/26 MP: 7/7
   719 | D:1      | Learned a level 2 spell: Ensorcelled Hibernation
  1495 | D:3      | Slain by an orc

Vault maps used:
D:1:      dpeg_arrival_houses_and_road, minmay_liquid_box
D:2:      fedhas_altar_2, uniq_iyjb

Skill      XL: |  1  2  3 |
---------------+----------+-----
Stealth        | 3 |  3.3
Hexes          | 3 |  3.3
Spellcasting   | 3 |  3.0
Short Blades   | |  1.0
Dodging        | |  1.7

Action                   || total
-------------------------++-------
Melee: Dagger            ||   163
       Tailslap          ||    11
 Stab: Sleeping          ||     5
  Eat: Pizza             ||     1
Armor: Skin              ||    41
Dodge: Dodged            ||    89
